 Dungeon Crawl Stone Soup version bcrawl-1.21.2-20-g6d45ba5942 (webtiles) character file.

Game seed: 8529995026079056989

163 Foic the Sneak (level 5, -5/25 HPs)
             Began as a Spriggan Enchanter on Feb 25, 2020.
             Slain by an ogre
             ... wielding a +0 giant club
              (24 damage)
             ... on level 3 of the Dungeon.
             The game lasted 00:14:04 (4752 turns).

Foic the Sneak (Spriggan Enchanter)                 Turns: 4752, Time: 00:14:04

Health: -5/25      AC:  2    Str:  4    XL:     5   Next: 20%
Magic:  1/11       EV: 19    Int: 16    God:
Gold:   142        SH:  0    Dex: 18    Spells: 4/11 levels left

rFire    . . .     SeeInvis +   a - +1 dagger
rCold    . . .     Gourm    .   (shield restricted)
rNeg     . . .     Faith    .   b - +0 robe
rPois    .         Spirit   .   (helmet restricted)
rElec    .         Reflect  .   (no cloak)
rCorr    .         Harm     .   (gloves unavailable)
MR       .....                  (boots unavailable)
Stlth    ++++......             (no amulet)
HPRegen  0.08/turn              (no ring)
MPRegen  0.12/turn              (no ring)

@: very quick
A: very small, unfitting armour, see invisible, herbivore, speed 3, slow
metabolism 2
a: no special abilities


You were on level 3 of the Dungeon.
You were not hungry.

You visited 1 branch of the dungeon, and saw 3 of its levels.

You collected 142 gold pieces.

Inventory:

Hand Weapons
 a - a +1 dagger (weapon)
 g - a +0 short sword
Missiles
 h - 1505 stones (quivered)
Armour
 b - a +0 robe (worn)
Jewellery
 l - an uncursed ring of see invisible
Scrolls
 d - 2 scrolls of fog
 i - 2 scrolls of remove curse
 m - a scroll of enchant armour {unknown}
Potions
 c - 2 potions of haste {unknown}
 f - 2 potions of invisibility
 j - a potion of cancellation {unknown}
 k - 4 potions of curing {unknown}
 n - 2 potions of flight {unknown}
Comestibles
 e - a ration {!d}


   Skills:
 + Level 0.3 Fighting
 * Level 2.2 Short Blades
 * Level 4.0 Dodging
 * Level 6.5 Stealth
 + Level 3.5 Spellcasting
 + Level 4.9 Hexes


You had 4 spell levels left.
You knew the following spells:

 Your Spells              Type           Power        Failure   Level  Hunger
a - Corona                Hex            ###....      2%          1    None
b - Tukima's Dance        Hex            ###.....     7%          3    ###....
c - Confuse               Hex            ###.....     7%          3    ###....

Your spell library contained the following spells:

 Spells                   Type           Power        Failure   Level  Hunger
 Ensorcelled Hibernation  Hex/Ice        ##....       10%         2    ##.....
 Dazzling Spray           Conj/Hex       ##....       19%         3    ###....


Dungeon Overview and Level Annotations

Branches:
Dungeon (3/12)

Altars:
Xom


Innate Abilities, Weirdness & Mutations

You are very small and have problems with some larger weapons.
You are too small for most types of armour.
You have supernaturally acute eyesight. (SInv)
You are a herbivore.
You cover ground extremely quickly.
You need to consume almost no food.


Message History

You impale the ogre!!
The ogre is severely wounded.
The ogre hits you with a +0 giant club!
You hit the ogre.
The ogre is severely wounded.
You hit the ogre but do no damage.
The ogre is severely wounded.
You hit the ogre.
The ogre is almost dead.
The ogre closely misses you.
You barely miss the ogre.
The ogre is almost dead.
You hit the ogre.
The ogre is almost dead.
You hit the ogre.
The ogre is almost dead.
The ogre seems less confused.
The ogre hits you with a +0 giant club!!
Ouch! That really hurt!
You die...

####.# ##+## #.##.## #.#
#....# #.######.##.# #.#
#.#### #........##.####.#
#.# ##.######.........#
##.##
######...#####.##.######
#...#####.............>##.#
#.........####...#.###.##.#
#...####### ##.##.###.##.#
##### #O@.........#
#........#### #.########
####.### #......# #.##.#.#
#.#....# #(#....# #######
##......# #..<..#


You could see an ogre.

Vanquished Creatures
  A crimson imp (D:3)
  An orc priest (D:2)
  2 adders (D:3)
  2 worms (D:2)
  2 dart slugs (D:1)
  3 leopard geckos
  2 orcs (D:2)
  3 giant cockroaches
  4 goblins (D:1)
  11 hobgoblins
  3 quokkas
  10 bats
  4 frilled lizards
  10 kobolds
  7 rats
65 creatures vanquished.

Notes
Turn   | Place    | Note
-------+----------+-------------------------------------------
     0 | D:1      | Foic the Spriggan Enchanter began the quest for the Orb.
     0 | D:1      | Reached XP level 1. HP: 9/9 MP: 5/5
   893 | D:1      | Reached XP level 2. HP: 13/13 MP: 6/6
  1121 | D:1      | Reached skill level 5 in Stealth
  1856 | D:1      | Reached XP level 3. HP: 16/16 MP: 6/8
  2527 | D:2      | Learned a level 3 spell: Tukima's Dance
  2531 | D:2      | Learned a level 3 spell: Confuse
  2900 | D:2      | Reached XP level 4. HP: 17/21 MP: 6/9
  3167 | D:2      | Found a shimmering altar of Xom.
  3722 | D:2      | Reached skill level 6 in Stealth
  4536 | D:3      | Reached XP level 5. HP: 25/25 MP: 4/11
  4705 | D:3      | Noticed an ogre
  4752 | D:3      | Slain by an ogre

Skill      XL: |  1  2  3  4 |
---------------+-------------+-----
Hexes          | 4 |  4.9
Stealth        | 5 6 |  6.5
Spellcasting   | 3 |  3.5
Short Blades   | 2 |  2.2
Dodging        | 4 |  4.0
Fighting       | |  0.3

Action                   |  1- 3 |  4- 6 || total
-------------------------+-------+-------++-------
Melee: Dagger            |   115 |   105 ||   220
 Cast: Corona            |    33 |     5 ||    38
       Confuse           |     2 |    32 ||    34
  Use: Scroll            |       |     2 ||     2
 Stab: Sleeping          |    10 |     6 ||    16
       Confused          |     1 |    13 ||    14
  Eat: Ration            |       |     2 ||     2
Armor: Robe              |    12 |     6 ||    18
Dodge: Dodged            |    64 |    79 ||   143
